 Dungeon Crawl Stone Soup version 0.31-a0-848-gaac375c287 (webtiles) character file.

Game seed: 14909976855435540741

2733 promet the Slicer (level 9, 0/66 HPs)
             Began as a Gnoll Wanderer on Oct 4, 2023.
             Was a Follower of Dithmenos.
             Slain by an orc sorcerer
             ... wielding a +0 dagger
              (5 damage)
             ... while paralysed by an orc sorcerer
             ... on level 8 of the Dungeon.
             The game lasted 01:03:30 (12267 turns).

promet the Slicer (Gnoll Wanderer)                 Turns: 12267, Time: 01:03:31

Health: 0/66       AC: 15    Str:  7    XL:     9   Next: 67%
Magic:  9/17       EV:  2    Int: 15    God:    Dithmenos [*.....]
Gold:   171        SH:  0    Dex: 17    Spells: 11/18 levels left

rFire   . . .        a - +1 war axe (spect)
rCold   . . .        (no shield)
rNeg    . . .        d - +0 acid dragon scales
rPois   .            (no helmet)
rElec   .            I - +1 cloak {rCorr}
rCorr   +            e - +1 pair of gloves
SInv    .            (no boots)
Will    +....        (no amulet)
Stlth   +++          l - ring of willpower
HPRegen 0.31/turn    t - +4 ring of protection
MPRegen 0.15/turn

%: no passive effects
@: paralysed, wreathed by umbra
A: fangs 1, strong nose, distributed training
a: Renounce Religion


You were on level 8 of the Dungeon.
You worshipped Dithmenos.
Dithmenos was aware of your devotion.
You visited 1 branch of the dungeon, and saw 8 of its levels.

You collected 346 gold pieces.
You spent 175 gold pieces at shops.

Inventory:

Hand Weapons
 a - a +1 spectral war axe (weapon)
 b - a +0 sling
 c - the +7 Throatcutter {drain, coup de grace}
   (You took it off Terence on level 2 of the Dungeon)
 h - a +2 falchion of venom
 p - a +1 short sword of holy wrath
 B - a +3 dagger of flaming
 J - a +4 quarterstaff of chaos
Missiles
 f - 5 boomerangs
 g - 59 stones
 y - 33 poisoned darts (quivered)
Armour
 d - +0 acid dragon scales (worn)
 e - a +1 pair of gloves (worn)
 I - a +1 cloak of preservation (worn)
Magical Staves
 i - a staff of earth
 n - a staff of cold
Jewellery
 l - a ring of willpower (left hand)
 m - a ring of resist corrosion
 t - a +4 ring of protection (right hand)
 A - a ring of magical power
 E - a ring of positive energy
Wands
 j - a wand of digging (1)
 v - a wand of polymorph (8)
 z - a wand of quicksilver (11)
 G - a wand of flame (22)
Scrolls
 k - 3 scrolls of brand weapon
 w - 4 scrolls of teleportation
 C - a scroll of fog
 F - a scroll of revelation
 H - a scroll of vulnerability
Potions
 o - a potion of attraction
 q - a potion of heal wounds
 r - a potion of cancellation
 s - 2 potions of haste
 u - 4 potions of curing
 x - 2 potions of brilliance


   Skills:
 + Level 4.5 Fighting
 + Level 8.1 Short Blades
 + Level 4.5 Long Blades
 + Level 4.5 Axes
 + Level 4.5 Maces & Flails
 + Level 4.5 Polearms
 + Level 4.5 Staves
 + Level 4.5 Ranged Weapons
 + Level 4.5 Throwing
 + Level 4.5 Armour
 + Level 5.3 Dodging
 + Level 4.5 Stealth
 + Level 4.5 Shields
 + Level 4.5 Unarmed Combat
 + Level 5.4 Spellcasting
 + Level 6.7 Conjurations
 + Level 3.7 Hexes
 + Level 3.7 Summonings
 + Level 3.7 Necromancy
 + Level 3.7 Translocations
 + Level 3.7 Transmutations
 + Level 3.7 Fire Magic
 + Level 3.7 Ice Magic
 + Level 3.7 Air Magic
 + Level 3.7 Earth Magic
 + Level 3.7 Poison Magic
 + Level 5.7 Invocations
 + Level 5.3 Evocations
 + Level 4.1 Shapeshifting


You had 11 spell levels left.
You knew the following spells:

 Your Spells              Type           Power      Damage    Failure   Level
a - Kiss of Death         Conj/Necr      76%        2d11      3%          1
b - Searing Ray           Conj           48%        2d6       2%          2
c - Magic Dart            Conj           96%        1d7       1%          1
d - Summon Guardian Gole  Hex/Summ       15%        N/A       19%         3

Your spell library contained the following spells:

 Spells                   Type           Power      Damage    Failure   Level
 Summon Small Mammal      Summ           60%        N/A       6%          1
 Call Canine Familiar     Summ           15%        N/A       19%         3
 Tukima's Dance           Hex            15%        N/A       19%         3
 Fulminant Prism          Conj/Hex       9%         3d7       32%         4
 Passage of Golubria      Tloc           15%        N/A       52%         4
 Vhi's Electric Charge    Tloc/Air       30%        N/A       52%         4
 Arcjolt                  Conj/Air       9%         1d19      65%         5
 Yara's Violent Unravell  Hex/Tmut       7%         3d5       86%         5
 Plasma Beam              Fire/Air       7%         2x1d18    100%        6


Dungeon Overview and Level Annotations

Branches:
Dungeon (8/15)             Temple (0/1) D:6
   Lair: D:8-11

Altars:
Ashenzari
Dithmenos
Kikubaaqudgha
Nemelex Xobeh
Sif Muna
Zin

Shops:
D:6 ?


Innate Abilities, Weirdness & Mutations

You have very sharp teeth.
Your uncanny sense of smell can sniff out nearby items.
Your experience applies equally to all skills.


Message History

You barely miss the hellwing.
Your +1 spectral war axe closely misses the orc sorcerer.
Your +1 spectral war axe closely misses the hellwing.
Your +1 spectral war axe hits the hellwing.
Your +1 spectral war axe closely misses the orc sorcerer.
The orc sorcerer casts a spell at you. The bolt of fire hits you!!
The wight hits your guardian golem with a +2 scimitar.
Flame seeps out of your guardian golem.
The hellwing hits you but does no damage. x2
Your guardian golem is engulfed in blazing flames.
Flame seeps out of your guardian golem. The orc sorcerer misses you.
You hit the orc sorcerer but do no damage.
You bite the orc sorcerer, but do no damage.
The orc sorcerer is moderately wounded.
You hit the hellwing but do no damage.
Your +1 spectral war axe barely misses the orc sorcerer.
Your +1 spectral war axe closely misses the hellwing.
Your +1 spectral war axe hits the hellwing but does no damage.
Your +1 spectral war axe closely misses the orc sorcerer.
The hellwing barely misses you. The hellwing misses you.
Your guardian golem is engulfed in blazing flames.
Flame seeps out of your guardian golem.
The orc sorcerer points at you and mumbles some strange words.
You suddenly lose the ability to move!
Your +1 spectral war axe disappears.
The hellwing hits you.
The hellwing hits you but does no damage.
Your guardian golem is engulfed in blazing flames.
Your guardian golem disappears in a puff of smoke!
Your guardian golem explodes!
The fiery explosion engulfs you!!
* * * LOW HITPOINT WARNING * * *
The fiery explosion engulfs the wight!!
The wight is destroyed!
Dithmenos accepts your kill.
The fiery explosion engulfs the orc sorcerer!
The orc sorcerer resists.
The orc sorcerer hits you with a +0 dagger.
You die...

∆ ........# .....#
........# .....#
.......# .....#
......+ .....#
#....# .....##
#######....##......#
#...@o#.....#......#
#%.4.°§z...........#
..#
#...#####'#####....+
.. #...#.......##
..# .
###.#.#...§..## # #
.. ###)....# # ..
#e###.# # ...z.# ...
o[## .+ # .....# ∆
...# #


You could see a hellwing (summoned), an orc sorcerer and a wight.

Vanquished Creatures
  A deep elf zephyrmancer (D:8)
  A kobold demonologist (D:8)
  An acid dragon (D:7)
  2 ice beasts
  An ogre (D:5)
  A phantom (D:7)
  3 kobold brigands
  2 bullfrogs (D:7)
  A scorpion (D:5)
  5 wights
  3 howler monkeys
  A jelly (D:5)
  5 hounds
  6 iguanas
  A sleepcap (D:5)
  Terence (D:2)
  A mummy (D:5)
  7 gnolls
  7 adders
  3 white imps
  An ufetubus (D:2)
  4 worms
  A dart slug (D:1)
  4 orcs
  8 ball pythons
  5 endoplasms
  5 giant cockroaches
  10 goblins
  4 hobgoblins
  14 jackals
  20 kobolds
  6 quokkas
  13 bats
  3 frilled lizards
  A goblin zombie (D:5)
  A hobgoblin zombie (D:5)
  6 rats
159 creatures vanquished.

Vanquished Creatures (others)
  An ogre (D:6)
  A wight (D:8)
  Crazy Yiuf (D:6)
  A gnoll bouda (D:6)
  An iguana (D:7)
  2 gnolls (D:6)
7 creatures vanquished.

Grand Total: 166 creatures vanquished

Notes
Turn   | Place    | Note
-------+----------+-------------------------------------------
     0 | D:1      | promet the Gnoll Wanderer began the quest for the Orb.
     0 | D:1      | promet set off with the following items: a +0 short sword,
                  | a +0 pair of gloves, a scroll of vulnerability, a +0 robe;
                  | and the following spell memorised: Kiss of Death; and the
                  | following spells available to memorise: Searing Ray,
                  | Fulminant Prism.
     0 | D:1      | Reached XP level 1. HP: 13/13 MP: 4/4
   132 | D:1      | Reached XP level 2. HP: 19/19 MP: 5/5
   135 | D:1      | Learned a level 2 spell: Searing Ray
  1139 | D:1      | Reached XP level 3. HP: 25/25 MP: 4/7
  2392 | D:2      | Reached skill level 1 in Fighting
  2392 | D:2      | Reached skill level 1 in Long Blades
  2392 | D:2      | Reached skill level 1 in Axes
  2392 | D:2      | Reached skill level 1 in Maces & Flails
  2392 | D:2      | Reached skill level 1 in Polearms
  2392 | D:2      | Reached skill level 1 in Staves
  2392 | D:2      | Reached skill level 1 in Ranged Weapons
  2392 | D:2      | Reached skill level 1 in Throwing
  2392 | D:2      | Reached skill level 1 in Armour
  2392 | D:2      | Reached skill level 1 in Stealth
  2392 | D:2      | Reached skill level 1 in Shields
  2392 | D:2      | Reached skill level 1 in Unarmed Combat
  2489 | D:2      | Reached XP level 4. HP: 20/32 MP: 8/8
  2642 | D:2      | Noticed Terence
  2650 | D:2      | Killed Terence
  2651 | D:2      | Reached skill level 1 in Hexes
  2651 | D:2      | Reached skill level 1 in Summonings
  2651 | D:2      | Reached skill level 1 in Necromancy
  2651 | D:2      | Reached skill level 1 in Translocations
  2651 | D:2      | Reached skill level 1 in Transmutations
  2651 | D:2      | Reached skill level 1 in Fire Magic
  2651 | D:2      | Reached skill level 1 in Ice Magic
  2651 | D:2      | Reached skill level 1 in Air Magic
  2651 | D:2      | Reached skill level 1 in Earth Magic
  2651 | D:2      | Reached skill level 1 in Poison Magic
  2651 | D:2      | Reached skill level 1 in Shapeshifting
  3289 | D:2      | Found a faded altar of an unknown god.
  3290 | D:2      | Noticed an eye of devastation
  3293 | D:2      | Noticed a shining eye
  3298 | D:2      | Noticed a floating eye
  3304 | D:2      | Noticed an eye of devastation
  3809 | D:3      | Reached XP level 5. HP: 32/37 MP: 5/9
  3942 | D:3      | Learned a level 1 spell: Magic Dart
  4866 | D:4      | Found a glowing silver altar of Zin.
  5128 | D:4      | Found an ancient bone altar of Kikubaaqudgha.
  5129 | D:4      | Found a broken altar of Ashenzari.
  5131 | D:4      | Found a shimmering blue altar of Sif Muna.
  5137 | D:4      | Reached XP level 6. HP: 44/44 MP: 10/10
  6141 | D:5      | Entered Level 5 of the Dungeon
  6423 | D:5      | Noticed an ice beast
  6471 | D:5      | Reached XP level 7. HP: 50/50 MP: 12/12
  6522 | D:5      | Reached skill level 7 in Short Blades
  7019 | D:5      | Found a shadowy altar of Dithmenos.
  7035 | D:5      | Became a worshipper of Dithmenos the Shadowed
  7415 | D:5      | Reached XP level 8. HP: 49/57 MP: 14/14
  7603 | D:5      | Learned a level 3 spell: Summon Guardian Golem
  8105 | D:6      | Found Humoh's Magic Scroll Boutique.
  8113 | D:6      | Bought a scroll of teleportation for 39 gold pieces
  8113 | D:6      | Bought a scroll of blinking for 97 gold pieces
  8113 | D:6      | Bought a scroll of teleportation for 39 gold pieces
  8771 | D:6      | Found a staircase to the Ecumenical Temple.
  9390 | D:6      | Found a runed translucent door.
  9391 | D:6      | Noticed Crazy Yiuf
  9622 | D:6      | Killed Crazy Yiuf
  9929 | D:7      | Reached * piety under Dithmenos
 10882 | D:7      | Reached skill level 5 in Invocations
 10882 | D:7      | Reached XP level 9. HP: 65/65 MP: 16/16
 11402 | D:8      | Found a sparkling altar of Nemelex Xobeh.
 11455 | D:8      | Reached skill level 5 in Spellcasting
 11612 | D:8      | Noticed a kobold demonologist
 11633 | D:8      | Killed a kobold demonologist
 11634 | D:8      | Reached skill level 5 in Dodging
 11634 | D:8      | Reached skill level 5 in Evocations
 11635 | D:8      | Noticed an orc sorcerer
 11644 | D:8      | Noticed a deep elf zephyrmancer
 12259 | D:8      | Killed a deep elf zephyrmancer
 12260 | D:8      | Reached skill level 8 in Short Blades
 12265 | D:8      | Noticed a hellwing
 12266 | D:8      | Paralysed by an orc sorcerer for 2 turns
 12267 | D:8      | Slain by an orc sorcerer

Illustrated notes

Levels and vault maps discovered:
D:1:      nicolae_arrival_washed_ashore, layout_basic, serial_aquarium,
          aquarium_bridge_square [aquarium_subvault_balcony,
          aquarium_subvault_wall, aquarium_subvault_window,
          aquarium_subvault_bridge], aquarium_window_1, aquarium_window_double,
          aquarium_view_2d, aquarium_balcony_3a, aquarium_pool_side
D:2:      layout_basic, hellmonk_ecumenical_altar_watching_god, uniq_terence
D:3:      layout_basic
D:4:      layout_loops_ring, nicolae_overflow_macrodata_refinement
D:5:      layout_basic, mainiacjoe_overflow_tiny_flanked,
          nicolae_ossuary_entry_giza, minmay_fractal_squares_5
D:6:      layout_loops_ring, temple_hall, serial_shops,
          nicolae_shop_advertising_works [nicolae_subvault_shop_adworks],
          uniq_crazy_yiuf_cottage
D:7:      layout_basic
D:8:      minmay_the_grid_plus [minmay_the_grid_odd_star,
          minmay_the_grid_all_tris, minmay_the_grid_tri_star,
          minmay_the_grid_embedded,
          minmay_the_grid_prize_four_corners_diamond_a], layout_gridville,
          nemelex_diamond_rough_becter, water_boxes_lemuel

Skill      XL: |  1  2  3  4  5  6  7  8  9 |
---------------+----------------------------+-----
Fighting       | 1 2 3 4 |  4.5
Long Blades    | 1 2 3 4 |  4.5
Axes           | 1 2 3 4 |  4.5
Maces & Flails | 1 2 3 4 |  4.5
Polearms       | 1 2 3 4 |  4.5
Staves         | 1 2 3 4 |  4.5
Ranged Weapons | 1 2 3 4 |  4.5
Throwing       | 1 2 3 4 |  4.5
Armour         | 1 2 3 4 |  4.5
Stealth        | 1 2 3 4 |  4.5
Shields        | 1 2 3 4 |  4.5
Unarmed Combat | 1 2 3 4 |  4.5
Spellcasting   | 3 4 5 |  5.4
Hexes          | 1 2 3 |  3.7
Summonings     | 1 2 3 |  3.7
Necromancy     | 1 2 3 |  3.7
Translocations | 1 2 3 |  3.7
Transmutations | 1 2 3 |  3.7
Fire Magic     | 1 2 3 |  3.7
Ice Magic      | 1 2 3 |  3.7
Air Magic      | 1 2 3 |  3.7
Earth Magic    | 1 2 3 |  3.7
Poison Magic   | 1 2 3 |  3.7
Shapeshifting  | 1 2 3 4 |  4.1
Invocations    | 3 4 5 |  5.7
Dodging        | 3 4 5 |  5.3
Evocations     | 3 4 5 |  5.3
Short Blades   | 7 8 |  8.1
Conjurations   | 6 |  6.7

Action                     |  1- 3 |  4- 6 |  7- 9 || total
---------------------------+-------+-------+-------++-------
  Melee: Short sword       |    39 |       |       ||    39
         Bite              |     9 |     3 |    19 ||    31
         Hand axe          |    26 |       |       ||    26
         Punch             |     1 |     1 |     4 ||     6
         War axe           |    28 |    72 |   106 ||   206
         Long sword        |       |     4 |    27 ||    31
   Fire: Sling             |       |    12 |    11 ||    23
  Throw: Stone             |       |     3 |       ||     3
         Dart              |       |       |     1 ||     1
   Cast: Searing Ray       |     8 |    17 |    22 ||    47
         Magic Dart        |       |    22 |    37 ||    59
         Summon Guardian G |       |       |    13 ||    13
    Use: Scroll            |     7 |     5 |     5 ||    17
         Potion            |       |       |     1 ||     1
   Stab: Sleeping          |     3 |     3 |     5 ||    11
         Distracted        |       |     1 |     3 ||     4
 Armour: Robe              |    45 |    34 |    52 ||   131
         Acid dragon scale |       |       |    54 ||    54
  Dodge: Dodged            |    65 |    63 |   101 ||   229

Table legend: (Time is in decaauts)
 A = Elapsed time spent in this place.
 B = Non-inter-level travel time spent in this place.
 C = Inter-level travel time spent in this place.
 D = Time resting spent in this place.
 E = Time spent auto-exploring this place.
 F = Levels seen in this place.
 G = Mean time per level.
                   A        B        C        D        E       F      G
               +--------+--------+--------+--------+--------+-----+--------+
         Total |  12336 |  12106 |    230 |   5545 |   1992 |   8 | 1542.0 |
       Dungeon |  12336 |  12106 |    230 |   5545 |   1992 |   8 | 1542.0 |
               +--------+--------+--------+--------+--------+-----+--------+

Top non-repeatable levels by time:
     D:7: 2295 daAuts
     D:6: 2021 daAuts
     D:1: 2009 daAuts
     D:5: 1635 daAuts
     D:4: 1630 daAuts
     D:2: 1350 daAuts
     D:3: 1181 daAuts
     D:8: 212 daAuts
